 Dungeon Crawl Stone Soup version 0.28-a0-1567-g1695149f81 (webtiles) character file.

Game seed: 17742170822302223989

457 Strat the Conjurer (level 6, 0/48 HPs)
             Began as a Draconian Conjurer on Jan 19, 2022.
             Was an Initiate of Sif Muna.
             Slain by a black bear (7 damage)
             ... on level 5 of the Dungeon.
             The game lasted 00:09:56 (5975 turns).

Strat the Conjurer (Draconian Conjurer)             Turns: 5975, Time: 00:09:57

Health: 0/48       AC:  6    Str:  9    XL:     6   Next: 77%
Magic:  1/9        EV: 12    Int: 20    God:    Sif Muna [......]
Gold:   155        SH:  0    Dex: 10    Spells: 4/10 levels left

rFire   + . .      SeeInvis .   f - +0 dagger
rCold   . . .      Faith    .   (no shield)
rNeg    . . .      Spirit   .   (armour unavailable)
rPois   .          Reflect  .   (helmet restricted)
rElec   .          Harm     .   (no cloak)
rCorr   .          Rampage  .   (no gloves)
Will    +....                   (no boots)
Stlth   ++........              (no amulet)
HPRegen 0.16/turn               q - ring of protection from fire
MPRegen 0.11/turn               n - ring of willpower

@: mighty
A: AC +6, unfitting armour, cold-blooded
a: Renounce Religion


You were on level 5 of the Dungeon.
You worshipped Sif Muna.
Sif Muna was noncommittal.
You visited 2 branches of the dungeon, and saw 6 of its levels.

You collected 155 gold pieces.

Inventory:

Hand Weapons
 b - a +0 hunting sling
 d - a +0 club
 f - a +0 dagger (weapon)
Missiles
 i - 2 javelins
 l - 70 stones
 p - 3 boomerangs
 u - 2 poisoned darts
Magical Staves
 h - a staff of earth
Jewellery
 n - a ring of willpower (right hand)
 q - a ring of protection from fire (left hand)
 r - a ring of willpower
Wands
 j - a wand of flame (20)
Scrolls
 k - 2 scrolls of immolation
Potions
 a - a potion of cancellation
 c - a potion of might
 e - a potion of invisibility {unknown}
 s - a potion of flight
 t - 2 potions of curing {unknown}


   Skills:
 - Level 2.0 Fighting
 + Level 2.6 Dodging
 - Level 1.7 Stealth
 + Level 2.5 Spellcasting
 + Level 7.3 Conjurations


You had 4 spell levels left.
You knew the following spells:

 Your Spells              Type           Power      Damage    Failure   Level
a - Magic Dart            Conj           100%       1d8       1%          1
b - Searing Ray           Conj           64%        2d6       1%          2
c - Dazzling Flash        Conj/Hex       34%        N/A       10%         3

Your spell library contained the following spells:

 Spells                   Type           Power      Damage    Failure   Level
 Fulminant Prism          Conj/Hex       8%         3d7       32%         4
 Iskenderun's Mystic Bla  Conj/Tloc      17%        2d5       32%         4


Dungeon Overview and Level Annotations

Branches:
Dungeon (5/15)             Temple (1/1) D:4

Altars:
Ashenzari
Cheibriados
Dithmenos
Elyvilon
Makhleb
Nemelex Xobeh
Okawaru
Qazlal
Ru
Sif Muna
Yredelemnul
Zin
The Shining One


Innate Abilities, Weirdness & Mutations

Your plain brown scales are hard. (AC +6)
You cannot fit into any form of body armour.
You are cold-blooded and may be slowed by cold attacks.


Message History

The searing ray hits the black bear.
The black bear is almost dead. (Press . to maintain the ray.)
The black bear bites you. The black bear claws you. x2
* * * LOW HITPOINT WARNING * * *
Without enough magic to sustain it, your searing ray dissipates.
The black bear closely misses you. The black bear barely misses you. x2
The black bear bites you but does no damage.
The black bear claws you but does no damage.
The black bear closely misses you. The black bear barely misses you.
The black bear claws you.
* * * LOW HITPOINT WARNING * * *
The black bear claws you.
* * * LOW HITPOINT WARNING * * *
Aiming: Throw Flame
Press: ? - help, Shift-Dir - straight line, f/p - black bear
Aim: a black bear (almost dead, berserk, 77% to hit)
The puff of flame hits the black bear.
The black bear is almost dead.
The black bear bites you but does no damage.
The black bear claws you.
* * * LOW HITPOINT WARNING * * *
The black bear claws you.
* * * LOW HITPOINT WARNING * * *
The black bear barely misses you.
The black bear claws you but does no damage. x2
Okay, then.
You feel very mighty all of a sudden. The black bear bites you.
* * * LOW HITPOINT WARNING * * *
The black bear claws you but does no damage.
The black bear completely misses you.
You hit the black bear.
The black bear is almost dead.
The black bear closely misses you. The black bear claws you.
* * * LOW HITPOINT WARNING * * *
The black bear claws you.
* * * LOW HITPOINT WARNING * * *
The black bear bites you!
You die...

## .# .# .# ## .#
.##################
.##...............#
..............>รท@.#
##..<...........h.#
#.................#
..#...............#
###...............#
###########..####
#....# #....#
#........h..


You could see a black bear (berserk).

Vanquished Creatures
  An ogre (D:4)
  A bullfrog (D:4)
  A hound (D:3)
  An orc priest (D:4)
  Ijyb (D:4)
  A hound skeleton (D:5)
  4 gnolls (D:4)
  3 adders
  A worm (D:2)
  3 dart slugs
  3 orcs (D:4)
  7 endoplasms
  3 giant cockroaches (D:1)
  3 goblins
  6 hobgoblins
  2 jackals (D:3)
  4 kobolds
  4 quokkas
  5 ball pythons
  3 bats
  2 frilled lizards (D:1)
  5 rats
64 creatures vanquished.

Vanquished Creatures (collateral kills)
  An ogre (D:4)
1 creature vanquished.

Grand Total: 65 creatures vanquished

Notes
Turn   | Place    | Note
-------+----------+-------------------------------------------
     0 | D:1      | Strat the Draconian Conjurer began the quest for the Orb.
     0 | D:1      | Reached XP level 1. HP: 14/14 MP: 3/3
   237 | D:1      | Reached skill level 1 in Fighting
   274 | D:1      | Reached XP level 2. HP: 23/23 MP: 0/5
   359 | D:1      | Learned a level 2 spell: Searing Ray
  1300 | D:1      | Reached XP level 3. HP: 29/29 MP: 2/6
  1947 | D:2      | Reached skill level 5 in Conjurations
  2617 | D:3      | Learned a level 3 spell: Dazzling Flash
  2622 | D:3      | Found a basalt altar of Yredelemnul.
  2704 | D:3      | Found a shadowy altar of Dithmenos.
  3041 | D:3      | Reached XP level 4. HP: 36/36 MP: 7/7
  3261 | D:3      | Noticed a black bear
  3333 | D:3      | Found a sparkling altar of Nemelex Xobeh.
  3434 | D:4      | Noticed Ijyb
  3637 | D:4      | Killed Ijyb
  3948 | D:4      | Noticed an ogre
  4115 | D:4      | Reached skill level 6 in Conjurations
  4115 | D:4      | Reached XP level 5. HP: 33/41 MP: 2/8
  4403 | D:4      | Killed an ogre
  4404 | D:4      | Reached skill level 7 in Conjurations
  4404 | D:4      | Reached XP level 6. HP: 48/48 MP: 6/9
  4517 | D:4      | Found a broken altar of Ashenzari.
  4531 | D:4      | Found a staircase to the Ecumenical Temple.
  4537 | Temple   | Entered the Ecumenical Temple
  4543 | Temple   | Became a worshipper of Sif Muna the Loreminder
  4933 | D:5      | Entered Level 5 of the Dungeon
  5975 | D:5      | Slain by a black bear

Illustrated notes

Levels and vault maps discovered:
D:1:      psy_arrival_dodecagon, layout_basic, hangedman_decor_clover_reticule
D:2:      layout_basic, kennysheep_generic_room_6
D:3:      layout_loops_ring, mainiacjoe_overflow_alcove_2,
          mainiacjoe_overflow_six_doors_small, yredelemnul_altar_generic,
          fountainhead
D:4:      layout_basic, mainiacjoe_overflow_catwalk,
          minmay_temple_entry_enclosed_plants, uniq_ijyb
D:5:      layout_rooms, uniq_sigmund
Temple:   nicolae_temple_x_marks_the_god

Skill      XL: |  1  2  3  4  5 |
---------------+----------------+-----
Fighting       | 1 2 |  2.0
Conjurations   | 5 6 7 |  7.3
Dodging        | 2 |  2.6
Stealth        | |  1.7
Spellcasting   | |  2.5

Action                   |  1- 3 |  4- 6 || total
-------------------------+-------+-------++-------
Melee: Tailslap          |    15 |     6 ||    21
       Unarmed           |     1 |       ||     1
       Club              |    29 |       ||    29
       Dagger            |    81 |    41 ||   122
       Punch             |       |     1 ||     1
 Cast: Magic Dart        |    17 |       ||    17
       Searing Ray       |    16 |    20 ||    36
       Dazzling Flash    |       |     2 ||     2
Evoke: Wand              |       |     6 ||     6
  Use: Scroll            |       |    11 ||    11
       Potion            |       |     1 ||     1
 Stab: Sleeping          |     4 |       ||     4
Armor: Skin              |    37 |    23 ||    60
Dodge: Dodged            |    81 |    54 ||   135

Table legend: (Time is in decaauts)
 A = Elapsed time spent in this place.
 B = Non-inter-level travel time spent in this place.
 C = Inter-level travel time spent in this place.
 D = Time resting spent in this place.
 E = Time spent auto-exploring this place.
 F = Levels seen in this place.
 G = Mean time per level.
                   A        B        C        D        E       F      G
               +--------+--------+--------+--------+--------+-----+--------+
         Total |   5993 |   5776 |    217 |   1345 |   3246 |   6 |  998.8 |
       Dungeon |   5982 |   5768 |    214 |   1345 |   3246 |   5 | 1196.4 |
        Temple |     10 |      7 |      3 |      0 |      0 |   1 |   10.0 |
               +--------+--------+--------+--------+--------+-----+--------+

Top non-repeatable levels by time:
     D:4: 1844 daAuts
     D:1: 1442 daAuts
     D:2: 1159 daAuts
     D:3: 1138 daAuts
     D:5: 396 daAuts
  Temple: 10 daAuts
